Map: Frozen Temple

Players

Pokebunny - Winner!

  • Race: Terran Terran
  • League: Grandmaster

void

  • Race: Zerg Zerg
  • League: Diamond

VOD

Have the link to the VOD?

Description

Time

  • Played on: April 4, 2016, 5:43 p.m.
  • Length: 5:40
Show
View Real Time Build Order
Export as new Build Order

Pokebunny Terran - Winner!

Build Orders: Reaper Expand 

Get SALT Encoding   

  12  0:00  SCV  
  13  0:13  SCV  
  14  0:21  Supply Depot  
  14  0:25  SCV  
  15  0:42  SCV  
  16  0:43  Barracks  
  16  0:46  Refinery  
  16  0:54  SCV  
  17  1:06  SCV  
  18  1:19  SCV  
  19  1:30  Reaper  
  19  1:31  Orbital Command  
  20  1:40  Command Center  
  20  1:53  Supply Depot  
  20  1:57  SCV  
  21  2:04  Barracks Reactor  
  21  2:07  Barracks  
  21  2:09  SCV  
  22  2:16  Barracks  
  22  2:21  SCV  
  23  2:24  Refinery  
  23  2:33  SCV  
  24  2:45  Marine, SCV  
  24  2:46  Marine  
  27  2:51  Orbital Command  
  27  2:56  Factory, Barracks Tech Lab  
  27  3:02  SCV  
  27  3:03  Marine  
  29  3:06  Marine  
  29  3:07  Marine  
  31  3:15  Marine, Stimpack  
  31  3:19  SCV  
  33  3:20  SCV  
  33  3:23  Marine  
  35  3:29  Marine x2  
  35  3:33  SCV x2  
  39  3:41  Factory Reactor, Starport  
  39  3:42  Marine  
  39  3:43  Marine  
  39  3:47  Marine x2  
  43  3:49  SCV  
  44  4:02  Marine x2, Supply Depot  
  44  4:04  Supply Depot  
  44  4:05  Marine  
  46  4:23  Marine x4, SCV x2  
  46  4:24  Factory Tech Lab  
  52  4:25  Medivac  
  52  4:26  Medivac  
  52  4:28  Supply Depot  
  56  4:40  SCV x2  
  56  4:42  Supply Depot  
  56  4:44  Barracks Reactor  
  58  4:49  Marine x2  
  58  4:50  Marine  
  58  4:52  SCV x2  
  63  4:57  Supply Depot  
  63  5:05  Command Center  
  63  5:11  SCV x2  
  65  5:15  Marine x3  
Show
View Real Time Build Order
Export as new Build Order

void Zerg 

Build Orders: Hatch First 

Get SALT Encoding   

  12  0:00  Drone  
  13  0:17  Overlord  
  13  0:26  Drone  
  14  0:46  Drone x3  
  17  0:57  Drone  
  17  1:02  Extractor  
  17  1:04  Hatchery  
  16  1:13  Drone  
  16  1:16  Spawning Pool  
  16  1:20  Drone  
  17  1:29  Drone  
  18  1:41  Drone  
  19  1:56  Overlord  
  19  2:03  Zergling x2  
  19  2:04  Queen, Metabolic Boost  
  22  2:16  Queen  
  22  2:18  Drone x2  
  26  2:23  Drone  
  27  2:31  Drone  
  27  2:37  Spore Crawler  
  27  2:40  Spore Crawler  
  27  2:55  Queen, Pneumatized Carapace  
  27  2:56  Overlord  
  27  2:58  Overlord  
  29  3:00  Drone  
  29  3:01  Drone x2  
  32  3:06  Overlord  
  32  3:13  Drone x2  
  32  3:17  Drone  
  32  3:18  Drone  
  36  3:27  Drone  
  36  3:28  Drone x3  
  36  3:29  Drone  
  41  3:35  Zergling x4  
  41  3:40  Zergling x2  
  44  3:49  Hatchery  
  43  3:59  Drone  
  43  4:00  Drone x6  
  50  4:07  Drone  
  50  4:09  Roach Warren  
  50  4:13  Lair  
  50  4:21  Drone, Extractor  
  50  4:27  Drone x4  
  50  4:28  Drone x3  
  57  4:34  Overlord x2  
  57  4:42  Overlord  
  57  4:43  Overlord  
  57  4:54  Roach, Evolution Chamber  
  57  4:55  Roach x2  
  57  4:56  Evolution Chamber  
  57  4:58  Spore Crawler x2  
  59  5:01  Roach  
  59  5:02  Roach  
  59  5:05  Drone  
  59  5:06  Drone x2  
  66  5:09  Roach  
  68  5:16  Roach  
  68  5:18  Roach  
Tags
 
Add a new tag
Caveats
  • Supply blocks, unpowered buildings, or Contaminate may cause inaccurate times.
  • Supply counts are checked every 10 seconds.